 Dungeon Crawl Stone Soup version 0.30-a0-571-gdf30a72648 (webtiles) character file.

Game seed: 12300750594738146689

263 ryw the Purveyor of Pain (level 6, -6/48 HPs)
             Began as a Hill Orc Necromancer on Dec 29, 2022.
             Was an Initiate of Kikubaaqudgha.
             Mangled by an ogre
             ... wielding a +0 giant club
              (26 damage)
             ... on level 4 of the Dungeon.
             The game lasted 00:07:21 (3876 turns).

ryw the Purveyor of Pain (Hill Orc Necromancer)     Turns: 3876, Time: 00:07:22

Health: -6/48      AC: 10    Str: 14    XL:     6   Next: 19%
Magic:  9/9        EV: 10    Int: 17    God:    Kikubaaqudgha [......]
Gold:   152        SH:  0    Dex: 11    Spells: 5/9 levels left

rFire   . . .      SeeInvis .    d - +9 hammer "Nahomn" {freeze, rPois Str+3}
rCold   . . .      Faith    .    (no shield)
rNeg    . . .      Spirit   .    c - +0 ring mail
rPois   +          Reflect  .    k - +2 helmet
rElec   .          Harm     .    e - +0 cloak
rCorr   .          Rampage  .    r - +0 pair of gloves
Will    .....                    (no boots)
Stlth   +                        (no amulet)
HPRegen 0.28/turn                (no ring)
MPRegen 0.11/turn                (no ring)

@: no status effects
A: no striking features
a: Renounce Religion


You were on level 4 of the Dungeon.
You worshipped Kikubaaqudgha.
Kikubaaqudgha was noncommittal.
You visited 2 branches of the dungeon, and saw 5 of its levels.

You collected 152 gold pieces.

Inventory:

Hand Weapons
 d - the +9 hammer "Nahomn" (weapon) {freeze, rPois Str+3}
   (You found it on level 3 of the Dungeon)

   It freezes those it strikes, dealing additional cold damage.
   It can also slow down cold-blooded creatures.
   Str:       It affects your strength (+3).
   rPois:     It protects you from poison.
 f - a +0 dagger of venom
Armour
 a - a +0 robe
 c - a +0 ring mail (worn)
 e - a +0 cloak (worn)
 h - a +0 plate armour
 k - a +2 helmet (worn)
 r - a +0 pair of gloves (worn)
Scrolls
 i - a scroll of vulnerability
 o - 2 scrolls of identify
Potions
 b - a potion of magic
 g - a potion of might
 j - a potion of brilliance {unknown}
 l - 4 potions of flight
 m - 3 potions of heal wounds
 n - a potion of invisibility
 p - a potion of lignification {unknown}


   Skills:
 + Level 2.2 Fighting
 * Level 2.4 Maces & Flails
 + Level 2.0 Armour
 - Level 1.5 Dodging
 - Level 1.5 Stealth
 - Level 2.4 Spellcasting
 - Level 5.4 Necromancy


You had 5 spell levels left.
You knew the following spells:

 Your Spells              Type           Power      Damage    Failure   Level
a - Necrotise             Necr           80%        1d8       4%          1
b - Vampiric Draining     Necr           20%        2d7       12%         3

Your spell library contained the following spells:

 Spells                   Type           Power      Damage    Failure   Level
 Magic Dart               Conj           8%         1d3       36%         1
 Animate Dead             Necr           20%        N/A       36%         4
 Searing Ray              Conj           4%         2d4       50%         2
 Agony                    Necr           20%        N/A       73%         5
 Anguish                  Hex/Necr       5%         N/A       75%         4
 Fulminant Prism          Conj/Hex       1%         3d5       98%         4
 Enfeeble                 Hex            1%         N/A       100%        7


Dungeon Overview and Level Annotations

Branches:
Dungeon (4/15)             Temple (1/1) D:4

Altars:
Ashenzari
Cheibriados
Dithmenos
Elyvilon
Fedhas
Gozag
Hepliaklqana
Kikubaaqudgha
Makhleb
Nemelex Xobeh
Okawaru
Qazlal
Ru
Sif Muna
Trog
Uskayaw
Vehumet
Wu Jian
Xom
Yredelemnul
Zin
The Shining One


Message History

You now have 136 gold pieces (gained 14).
o - 2 scrolls of identify (gained 1)
You now have 143 gold pieces (gained 7).
A hobgoblin comes into view.
The hobgoblin shouts!
A ball python comes into view.
The hobgoblin moves out of view.
There is a fountain of clear blue water here.
A ball python is nearby!
Found 9 gold pieces.
The ball python hisses angrily.
The hobgoblin hits you.
You hit the hobgoblin. You freeze the hobgoblin.
You kill the hobgoblin!
Kikubaaqudgha accepts your kill.
The ball python closely misses you. x2; The ball python completely misses you.
The ball python closely misses you.
You barely miss the ball python.
The ball python bites you but does no damage.
The ball python closely misses you.
You sock the ball python!
The ball python seems to slow down.
You freeze the ball python.
You kill the ball python!
Kikubaaqudgha accepts your kill.
You now have 152 gold pieces (gained 9).
An ogre comes into view. It is wielding a +0 giant club.
The ogre shouts!
The ogre hits you with a +0 giant club!!
Ouch! That really hurt!
You are too injured to fight recklessly!
You are too injured to fight recklessly!
You are too injured to fight recklessly!
You are too injured to fight recklessly!
Unknown command.
You sock the ogre! You freeze the ogre.
The ogre is moderately wounded.
The ogre hits you with a +0 giant club!!
Ouch! That really hurt!
You die...
Kikubaaqudgha rasps: "You have failed me!
Welcome... death!"

### #.. ### ###
# #..## # #O.# #
#@# # #.# #.##
## #..## #.
##..## #. ##..##
#. ##..# #.
##.## #.
#############..#
#.


You could see an ogre.

Vanquished Creatures
  A bullfrog (D:4)
  Crazy Yiuf (D:3)
  An iguana (D:4)
  5 adders
  A worm (D:4)
  5 dart slugs
  3 endoplasms
  2 giant cockroaches
  12 goblins
  5 hobgoblins
  4 jackals (D:2)
  4 quokkas
  11 ball pythons
  8 bats
  3 frilled lizards
  10 kobolds
  3 rats (D:1)
79 creatures vanquished.

Vanquished Creatures (collateral kills)
  2 dart slugs
  2 goblins
  A hobgoblin (D:3)
5 creatures vanquished.

Grand Total: 84 creatures vanquished

Notes
Turn   | Place    | Note
-------+----------+-------------------------------------------
     0 | D:1      | ryw the Hill Orc Necromancer began the quest for the Orb.
     0 | D:1      | Reached XP level 1. HP: 14/14 MP: 3/3
   197 | D:1      | Reached XP level 2. HP: 20/20 MP: 0/4
   557 | D:1      | Reached XP level 3. HP: 23/26 MP: 3/5
  1243 | D:2      | Reached skill level 5 in Necromancy
  1504 | D:2      | Learned a level 3 spell: Vampiric Draining
  1645 | D:2      | Reached XP level 4. HP: 33/33 MP: 5/7
  2463 | D:3      | Found a faded altar of an unknown god.
  2994 | D:3      | Found a runed translucent door.
  2995 | D:3      | Noticed Crazy Yiuf
  3090 | D:3      | Killed Crazy Yiuf
  3091 | D:3      | Reached skill level 1 in Fighting
  3091 | D:3      | Reached XP level 5. HP: 33/40 MP: 8/8
  3091 | D:3      | Identified the +9 hammer "Nahomn" {freeze, rPois Str+3}
  3216 | D:3      | Reached skill level 1 in Armour
  3306 | D:4      | Reached skill level 1 in Maces & Flails
  3414 | D:4      | Found a radiant altar of Vehumet.
  3441 | D:4      | Reached XP level 6. HP: 33/48 MP: 9/9
  3551 | D:4      | Found a staircase to the Ecumenical Temple.
  3567 | Temple   | Entered the Ecumenical Temple
  3729 | Temple   | Became a worshipper of Kikubaaqudgha
  3876 | D:4      | Mangled by an ogre

Illustrated notes

Levels and vault maps discovered:
D:1:      dpeg_arrival_subterranean_lakeside_camping, layout_basic
D:2:      layout_loops_corners, nicolae_kite_square_tiling_tiny
D:3:      layout_rooms, ebering_ecumenical_altar_webs,
          minmay_misc_feat_ornament, minmay_cupped, uniq_crazy_yiuf_cottage
D:4:      layout_rooms, kennysheep_mini_moat, temple_fountains,
          solitary_fountain
Temple:   kilobyte_greek_temple

Skill      XL: |  1  2  3  4  5  6 |
---------------+-------------------+-----
Spellcasting   | 2 |  2.4
Necromancy     | 5 |  5.4
Fighting       | 1 2 |  2.2
Armour         | 1 2 |  2.0
Maces & Flails | 2 |  2.4
Dodging        | |  1.5
Stealth        | |  1.5

Action                   |  1- 3 |  4- 6 || total
-------------------------+-------+-------++-------
Melee: Club              |    49 |       ||    49
       Unarmed           |     2 |       ||     2
       Punch             |     1 |       ||     1
       Dagger            |    16 |    41 ||    57
       Mace              |       |    46 ||    46
 Cast: Necrotise         |    49 |    31 ||    80
  Use: Potion            |     1 |     2 ||     3
       Scroll            |       |    12 ||    12
 Stab: Sleeping          |     2 |     1 ||     3
Armor: Robe              |    27 |    10 ||    37
       Ring mail         |       |    27 ||    27
Dodge: Dodged            |    71 |    61 ||   132

Table legend: (Time is in decaauts)
 A = Elapsed time spent in this place.
 B = Non-inter-level travel time spent in this place.
 C = Inter-level travel time spent in this place.
 D = Time resting spent in this place.
 E = Time spent auto-exploring this place.
 F = Levels seen in this place.
 G = Mean time per level.
                   A        B        C        D        E       F      G
               +--------+--------+--------+--------+--------+-----+--------+
         Total |   3906 |   3736 |    170 |    335 |   2707 |   5 |  781.2 |
       Dungeon |   3711 |   3596 |    115 |    335 |   2575 |   4 |  927.8 |
        Temple |    194 |    139 |     55 |      0 |    132 |   1 |  194.0 |
               +--------+--------+--------+--------+--------+-----+--------+

Top non-repeatable levels by time:
     D:2: 1160 daAuts
     D:1: 1148 daAuts
     D:3: 921 daAuts
     D:4: 481 daAuts
  Temple: 194 daAuts
